 Dungeon Crawl Stone Soup version 0.24.1-8-ga250c9d538 (webtiles) character file.

Game seed: 7701072182332902626, levelgen mode: deterministic

665 Descartes the Magician (level 7, -5/36 HPs)
             Began as a Deep Elf Air Elementalist on Apr 29, 2020.
             Slain by an ogre
             ... wielding a +0 giant club
              (17 damage)
             ... on level 4 of the Dungeon.
             The game lasted 00:23:26 (7096 turns).

Descartes the Magician (Deep Elf Air Elementalist)  Turns: 7096, Time: 00:23:27

Health: -5/36      AC:  4    Str:  3    XL:     7   Next: 31%
Magic:  9/17       EV: 12    Int: 22    God:
Gold:   237        SH:  2    Dex: 19    Spells: 9/17 levels left

rFire    + . .     SeeInvis .   x - +0 falchion
rCold    . . .     Gourm    .   (no shield)
rNeg     . . .     Faith    .   m - +3 leather armour {rF+}
rPois    .         Spirit   .   (no helmet)
rElec    .         Reflect  +   (no cloak)
rCorr    .         Harm     .   (no gloves)
MR       .....                  (no boots)
Stlth    +++.......             z - +2 amulet of reflection
HPRegen  0.12/turn              (no ring)
MPRegen  0.15/turn              (no ring)

@: no status effects
A: agile 2, deformed body, mutation resistance 1, weak 1
a: no special abilities


You were on level 4 of the Dungeon.
You were not hungry.

You visited 1 branch of the dungeon, and saw 5 of its levels.
You also visited: Sewer.

You collected 237 gold pieces.

Inventory:

Hand Weapons
 e - a +1 short sword
 x - a +0 falchion (weapon)
Missiles
 d - 3 boomerangs of dispersal
 f - 162 stones
 g - 30 bolts
 n - 2 javelins
 p - 9 poisoned darts (quivered)
 q - 18 arrows
 s - 36 sling bullets
Armour
 m - a +3 leather armour of fire resistance (worn)
Jewellery
 o - an uncursed amulet of the gourmand
 z - a +2 amulet of reflection (around neck)
Wands
 j - a wand of disintegration (17)
 w - a wand of iceblast (9)
Scrolls
 b - 2 scrolls of enchant weapon
 i - a scroll of random uselessness {unknown}
 l - 3 scrolls of teleportation {unknown}
 y - 2 scrolls of amnesia
Potions
 a - 4 potions of haste
 h - 10 potions of curing
 k - 3 potions of magic
 r - a potion of invisibility {unknown}
 t - a potion of ambrosia {unknown}
 u - a potion of brilliance {unknown}
 v - a potion of heal wounds
 A - a potion of berserk rage {unknown}
Comestibles
 c - 8 rations


   Skills:
 * Level 2.4 Armour
 + Level 2.8 Dodging
 + Level 5.3 Stealth
 + Level 5.5 Spellcasting
 + Level 3.8 Conjurations
 + Level 4.6 Air Magic


You had 9 spell levels left.
You knew the following spells:

 Your Spells              Type           Power        Failure   Level  Hunger
a - Shock                 Conj/Air       ###.         3%          1    None
b - Airstrike             Air            ####......   26%         4    ####...
c - Static Discharge      Conj/Air       ###.....     10%         3    ##.....

Your spell library contained the following spells:

 Spells                   Type           Power        Failure   Level  Hunger
 Swiftness                Chrm/Air       ###.....     11%         2    None
 Lightning Bolt           Conj/Air       ###.......   65%         5    #####..


Dungeon Overview and Level Annotations

Branches:
Dungeon (5/15)              Sewer (visited)
 Temple: D:4-7

Altars:
Ashenzari


Innate Abilities, Weirdness & Mutations

You are very agile. (Dex +4)
Armour fits poorly on your strangely shaped body.
You are somewhat resistant to further mutation.
You are weak. (Str -2)


Message History

You block the ogre's attack.
You climb upwards.
There is a stone staircase leading down here.
Casting: Airstrike (quite dangerous; 26% risk of failure)
Confirm with . or Enter, or press ? or * to list all spells.
Aiming: Airstrike (quite dangerous; 26% risk of failure)
Press: ? - help, Dir - move target cursor, f - ogre
Aim: an ogre, wielding a +0 giant club The air twists around and strikes the ogre!
The ogre is moderately wounded.
The ogre hits you with a +0 giant club!
Casting: Airstrike (quite dangerous; 26% risk of failure)
Confirm with . or Enter, or press ? or * to list all spells.
Aiming: Airstrike (quite dangerous; 26% risk of failure)
Press: ? - help, Dir - move target cursor, f/p - ogre
Aim: an ogre, wielding a +0 giant club (moderately wounded)
The air twists around and strikes the ogre!
The ogre is severely wounded.
The ogre hits you with a +0 giant club!
You die...

#########....##.####.#..#...#....
#.......##'#######.#.#.#.##'
#.......#.....#..####..#.#..
#.......#.....#....#####.#..
#.......#.....#....#.....'..
####..##..####'##...##.....#..
#.....##..##...##...#......#..
##.....#......O.....#......#..
#.....#.....@......#......#..
#.....#............#......+..
#.....#............#......#..
#.....#............#......###
######..###..##...###..#......#
#.#..#..###..##...###..########
..#..........#......#....#
..#..........#......'....#
..#..........#......#....#


You could see an ogre.

Vanquished Creatures
  Grinder (D:4)
  An ogre (D:4)
  A scorpion (D:4)
  A howler monkey (D:4)
  An orc wizard (D:3)
  2 worker ants
  A hound zombie (D:3)
  6 adders
  3 gnolls (D:4)
  An ooze (D:2)
  3 worms
  A dart slug (D:2)
  6 leopard geckos
  3 orcs (D:3)
  4 ball pythons
  12 bats
  3 giant cockroaches
  7 goblins
  10 hobgoblins
  7 jackals
  2 quokkas
  7 frilled lizards
  18 kobolds
  7 rats
  A plant (Sewer)
109 creatures vanquished.

Notes
Turn   | Place    | Note
-------+----------+-------------------------------------------
     0 | D:1      | Descartes the Deep Elf Air Elementalist began the quest for
                  | the Orb.
     0 | D:1      | Reached XP level 1. HP: 10/10 MP: 6/6
   166 | D:1      | Reached XP level 2. HP: 10/15 MP: 0/8
   831 | D:1      | Reached XP level 3. HP: 19/19 MP: 7/9
   877 | D:1      | Found a shattered altar of Ashenzari.
  1963 | D:2      | Gained mutation: Your spells are a little easier to cast,
                  | but a little less powerful. [potion of mutation]
  1963 | D:2      | Gained mutation: You are weak. (Str -2) [potion of
                  | mutation]
  1963 | D:2      | Gained mutation: Armour fits poorly on your strangely
                  | shaped body. [potion of mutation]
  1963 | D:2      | Gained mutation: You are agile. (Dex +2) [potion of
                  | mutation]
  2013 | D:3      | Found a glowing drain.
  2028 | Sewer    | Entered a sewer
  2471 | Sewer    | Reached XP level 4. HP: 20/24 MP: 2/11
  3585 | D:3      | Reached skill level 1 in Armour
  3856 | D:3      | Learned a level 4 spell: Airstrike
  3860 | D:3      | Learned a level 3 spell: Static Discharge
  3907 | D:3      | Reached XP level 5. HP: 23/28 MP: 6/13
  4837 | D:4      | Noticed an ogre
  4890 | D:4      | Killed an ogre
  4890 | D:4      | Reached XP level 6. HP: 16/32 MP: 4/14
  4891 | D:4      | Lost mutation: Your spells are a little easier to cast, but
                  | a little less powerful. [potion of mutation]
  4891 | D:4      | Lost mutation: Armour fits poorly on your strangely shaped
                  | body. [potion of mutation]
  4891 | D:4      | Gained mutation: Armour fits poorly on your strangely
                  | shaped body. [potion of mutation]
  4891 | D:4      | Gained mutation: You are very agile. (Dex +4) [potion of
                  | mutation]
  4891 | D:4      | Gained mutation: You are somewhat resistant to further
                  | mutation. [potion of mutation]
  5536 | D:4      | Reached skill level 5 in Spellcasting
  5903 | D:5      | Entered Level 5 of the Dungeon
  5903 | D:5      | Noticed Grinder
  6979 | D:4      | Killed Grinder
  6979 | D:4      | Reached skill level 5 in Stealth
  6979 | D:4      | Reached XP level 7. HP: 27/36 MP: 0/17
  7096 | D:4      | Slain by an ogre

Levels and vault maps discovered:
D:1:      mrwooster_arrival_statue, layout_basic, serial_bayou_pond_b,
          ashenzari_altar_1
D:2:      layout_basic, lemuel_another_geyser
D:3:      layout_rooms, cheibrodos_sewer_entry_drain, first_ration,
          grunt_decor_clamped
D:4:      minmay_spotlight, layout_gridville
D:5:      layout_rooms, minmay_fractal_squares_5, uniq_crazy_yiuf_cottage,
          uniq_sigmund, uniq_grinder

Skill      XL: |  1  2  3  4  5  6 |
---------------+-------------------+-----
Stealth        | 3 4 5 |  5.3
Conjurations   | 2 3 |  3.8
Armour         | 1 2 |  2.4
Spellcasting   | 4 5 |  5.5
Air Magic      | 4 |  4.6
Dodging        | |  2.8

Action                   |  1- 3 |  4- 6 |  7- 9 || total
-------------------------+-------+-------+-------++-------
Melee: Short sword       |   135 |    22 |       ||   157
 Cast: Shock             |   120 |   164 |       ||   284
       Airstrike         |       |    11 |     3 ||    14
  Use: Scroll            |     7 |     1 |       ||     8
       Potion            |     1 |     6 |       ||     7
  Eat: Chunk             |     3 |    24 |       ||    27
       Ration            |       |     1 |       ||     1
Armor: Leather armour    |     3 |    30 |       ||    33
Dodge: Dodged            |    19 |    45 |     2 ||    66
Block: Other             |       |     4 |     1 ||     5
       Rpst.: Falchion   |       |     6 |     2 ||     8
